 Dungeon Crawl Stone Soup version 0.30-a0-632-g346586fe48 (webtiles) character file.

Game seed: 191669254045877148

109 funkygono the Firebug (level 4, -1/30 HPs)
             Began as a Demonspawn Fire Elementalist on Jan 13, 2023.
             Slain by an orc priest
             ... wielding a +0 dagger
              (2 damage)
             ... on level 2 of the Dungeon.
             The game lasted 00:03:20 (2572 turns).

funkygono the Firebug (DsFE)                        Turns: 2572, Time: 00:03:21

Health: -1/30      AC:  3    Str:  8    XL:     4   Next: 60%
Magic:  0/8        EV: 12    Int: 18    God:
Gold:   190        SH:  0    Dex: 14    Spells: 2/8 levels left

rFire   . . .      SeeInvis .    e - +0 whip
rCold   + . .      Faith    .    (no shield)
rNeg    . . .      Spirit   .    t - +0 robe {rC+}
rPois   .          Reflect  .    (helmet restricted)
rElec   .          Harm     .    (no cloak)
rCorr   .          Rampage  .    (no gloves)
Will    .....                    d - +0 pair of boots
Stlth   +                        (no amulet)
HPRegen 0.25/turn                (no ring)
MPRegen 0.11/turn                (no ring)

@: confused
A: horns 1, large bone plates 1, spiny 1
a: no special abilities


You were on level 2 of the Dungeon.
You visited 1 branch of the dungeon, and saw 3 of its levels.

You collected 190 gold pieces.

Inventory:

Hand Weapons
 e - a +0 whip (weapon)
 j - a +1 dagger of venom
Armour
 d - a +0 pair of boots (worn)
 t - a +0 robe of cold resistance (worn)
Jewellery
 s - a ring of ice
Scrolls
 f - 4 scrolls of identify {unknown}
 h - 2 scrolls of poison {unknown}
 k - 2 scrolls of fog {unknown}
 l - a scroll of enchant armour {unknown}
 m - 3 scrolls of teleportation {unknown}
 n - a scroll of immolation {unknown}
Potions
 b - a potion of magic
 c - 2 potions of invisibility {unknown}
 g - a potion of brilliance {unknown}
 i - 2 potions of heal wounds {unknown}
 o - 2 potions of flight {unknown}
 p - 3 potions of degeneration {unknown}
 q - a potion of attraction {unknown}
 r - 3 potions of curing {unknown}


   Skills:
 + Level 2.1 Dodging
 - Level 1.7 Stealth
 + Level 2.6 Spellcasting
 + Level 1.8 Conjurations
 + Level 4.1 Fire Magic


You had 2 spell levels left.
You knew the following spells:

 Your Spells              Type           Power      Damage    Failure   Level
a - Foxfire               Conj/Fire      52%        2x1d6     4%          1
b - Scorch                Fire           34%        2d6       4%          2
c - Kindle Blastsparks    Fire/Tloc/Air  14%        2d11      28%         3

Your spell library contained the following spells:

 Spells                   Type           Power      Damage    Failure   Level
 Inner Flame              Hex/Fire       9%         N/A       22%         3
 Flame Wave               Conj/Fire      13%        2d6       45%         4


Dungeon Overview and Level Annotations

Branches:
Dungeon (3/15)

Altars:


Innate Abilities, Weirdness & Mutations

You have a pair of small horns on your head.
You are partially covered in large bone plates. (SH +4)
You are partially covered in sharp spines.


Message History

The orc priest hits you with a +0 dagger.
Unknown command.
Casting: Foxfire (safe; 4% risk of failure)
Confirm with . or Enter, or press ? or * to list all spells.
Flames lash something but do no damage.
The foxfire hits the orc.
The orc is moderately wounded.
The foxfire hits the orc.
You kill the orc!
The foxfire hits something.
You block the orc priest's attack. You block something's attack.
Unknown command.
Casting: Scorch (safe; 4% risk of failure)
Confirm with . or Enter, or press ? or * to list all spells.
You conjure some foxfire!
Something hits you. The orc priest closely misses you.
Casting: Foxfire (safe; 4% risk of failure)
Confirm with . or Enter, or press ? or * to list all spells.
You conjure some foxfire!
The foxfire hits the orc priest.
The orc priest is lightly wounded.
Something hits you.
The orc priest hits you with a +0 dagger.
Unknown command.
The foxfire hits something. x3
The orc priest calls down the wrath of Beogh upon you.
Pain shoots through your body! You block something's attack.
Something hits you but does no damage.
The orc priest calls down the wrath of Beogh upon you.
Beogh smites you!
* * * LOW HITPOINT WARNING * * *
You climb upwards.
Reactivating autopickup.
There is a stone staircase leading down here.
Casting: Foxfire (safe; 4% risk of failure)
Confirm with . or Enter, or press ? or * to list all spells.
You conjure some foxfire!
You hear some strange, mumbled words.
Deactivating autopickup; reactivate with Ctrl-A.
You are confused.
The orc priest hits you with a +0 dagger.
You die...

^..#...#######...# ######⌠.⌠###
.......#### ##..###....##.##.#
..........## #.........#⌠_⌠#.##
.......##..####.........##.##..#
........................#⌠.⌠#..##
...#...#...............(##.##...#
...#...#####..........####.####..
...#...# #...)v................
######## #...{@o###########....
#....v.# #.... #......# #....
######## #.... #.... #.... ##...
##.. ###


You could see an orc priest (ally target).

Vanquished Creatures
  An orc wizard (D:2)
  A gnoll (D:1)
  2 adders
  A worm (D:2)
  2 orcs (D:3)
  6 bats
  5 endoplasms
  A giant cockroach (D:2)
  5 goblins
  7 jackals (D:1)
  4 kobolds
  3 quokkas
  5 ball pythons
  2 frilled lizards (D:1)
  4 rats
49 creatures vanquished.

Vanquished Creatures (others)
  147 foxfires
147 creatures vanquished.

Grand Total: 196 creatures vanquished

Notes
Turn   | Place    | Note
-------+----------+-------------------------------------------
     0 | D:1      | funkygono the Demonspawn Fire Elementalist began the quest
                  | for the Orb.
     0 | D:1      | Reached XP level 1. HP: 13/13 MP: 3/3
   111 | D:1      | Reached skill level 3 in Fire Magic
   111 | D:1      | Gained mutation: You have a pair of small horns on your
                  | head. [demonic ancestry]
   111 | D:1      | Reached XP level 2. HP: 19/19 MP: 0/5
   326 | D:1      | Learned a level 2 spell: Scorch
   574 | D:1      | Gained mutation: You are partially covered in large bone
                  | plates. (SH +4) [demonic ancestry]
   574 | D:1      | Reached XP level 3. HP: 24/24 MP: 4/6
   589 | D:1      | Learned a level 3 spell: Kindle Blastsparks
  1987 | D:2      | Found a faded altar of an unknown god.
  2329 | D:3      | Gained mutation: You are partially covered in sharp spines.
                  | [demonic ancestry]
  2329 | D:3      | Reached XP level 4. HP: 30/30 MP: 5/7
  2479 | D:2      | Reached skill level 4 in Fire Magic
  2570 | D:3      | HP: 1/30 [orc priest/divine providence (14)]
  2572 | D:2      | Slain by an orc priest

Illustrated notes

Levels and vault maps discovered:
D:1:      evilmike_arrival_rings, layout_basic
D:2:      layout_rooms, ebering_ecumenical_altar_hall, minmay_pentomino_pile
D:3:      layout_loops_ring

Skill      XL: |  1  2  3  4 |
---------------+-------------+-----
Fire Magic     | 3 4 |  4.1
Dodging        | 2 |  2.1
Stealth        | |  1.7
Spellcasting   | |  2.6
Conjurations   | |  1.8

Action                   |  1- 3 |  4- 6 || total
-------------------------+-------+-------++-------
Melee: Unarmed           |     2 |       ||     2
       Whip              |    13 |     4 ||    17
       Headbutt          |     3 |     1 ||     4
 Cast: Foxfire           |    68 |    20 ||    88
       Scorch            |     6 |     1 ||     7
Armor: Robe              |     4 |     2 ||     6
Dodge: Dodged            |    24 |     5 ||    29
Block: Other             |     3 |     3 ||     6

Table legend: (Time is in decaauts)
 A = Elapsed time spent in this place.
 B = Non-inter-level travel time spent in this place.
 C = Inter-level travel time spent in this place.
 D = Time resting spent in this place.
 E = Time spent auto-exploring this place.
 F = Levels seen in this place.
 G = Mean time per level.
                   A        B        C        D        E       F      G
               +--------+--------+--------+--------+--------+-----+--------+
         Total |   2573 |   2531 |     42 |     26 |   2148 |   3 |  857.7 |
       Dungeon |   2573 |   2531 |     42 |     26 |   2148 |   3 |  857.7 |
               +--------+--------+--------+--------+--------+-----+--------+

Top non-repeatable levels by time:
     D:1: 1386 daAuts
     D:2: 817 daAuts
     D:3: 370 daAuts
